Map: Interloper LE

Players

Ryung - Winner!

  • Race: Terran Terran
  • League: Master
  • Spawn Location: 5:00

Classic

  • Race: Protoss Protoss
  • League: Master
  • Spawn Location: 11:00

VOD

https://www.twitch.tv/videos/165903033

Description

Time

  • Played on: Aug. 10, 2017, 12:15 p.m.
  • Length: 10:46
Show
View Real Time Build Order
Export as new Build Order

Ryung Terran - Winner!

Build Orders: Reaper Expand, MMM Bio, Banshee Rush 

Get SALT Encoding   

  12  0:00  SCV  
  13  0:13  SCV  
  14  0:17  Supply Depot  
  14  0:25  SCV  
  14  0:28  Refinery  
  15  0:38  SCV  
  16  0:44  Barracks  
  16  0:50  SCV  
  17  1:03  SCV  
  18  1:15  SCV  
  19  1:30  Orbital Command  
  19  1:31  Reaper  
  20  1:47  Command Center  
  20  1:59  Factory  
  20  2:01  SCV  
  20  2:06  Barracks Reactor  
  21  2:12  Refinery  
  21  2:13  SCV  
  22  2:20  Supply Depot  
  22  2:25  SCV  
  23  2:41  SCV  
  23  2:44  Starport  
  24  2:45  Widow Mine  
  24  2:46  Marine x2  
  28  2:54  SCV  
  29  2:59  Orbital Command  
  29  3:03  Marine  
  29  3:04  Marine  
  31  3:07  SCV  
  32  3:13  Widow Mine  
  34  3:21  Marine x2  
  34  3:22  Starport Tech Lab  
  34  3:25  SCV x2  
  38  3:38  SCV x2  
  40  3:42  Cloaking Field, Banshee  
  40  3:46  Marine, Supply Depot  
  40  3:47  Marine  
  45  3:51  SCV x2  
  46  3:56  Supply Depot  
  46  4:07  Marine x2, SCV x2  
  50  4:11  Widow Mine  
  50  4:14  Supply Depot  
  52  4:19  Bunker  
  52  4:21  Barracks  
  52  4:24  SCV, Banshee  
  52  4:27  SCV  
  57  4:31  Marine  
  57  4:32  Marine  
  57  4:36  SCV  
  57  4:37  Barracks  
  60  4:43  SCV, Supply Depot  
  61  4:46  Factory Tech Lab  
  61  4:48  SCV  
  61  4:52  Engineering Bay  
  62  4:55  Marine, SCV  
  62  4:56  Marine  
  65  5:01  SCV  
  65  5:03  Refinery  
  66  5:10  SCV  
  66  5:13  SCV  
  68  5:17  Supply Depot  
  68  5:18  Factory Reactor, Terran Infantry Weapons Level 1  
  68  5:21  Marine x3  
  70  5:22  Stimpack  
  70  5:23  SCV  
  70  5:24  Barracks Tech Lab  
  70  5:25  SCV  
  70  5:28  Refinery  
  70  5:47  Marine x2, Combat Shields  
  70  5:48  Marauder x2, Starport Reactor  
  77  5:50  SCV x2  
  75  5:59  Widow Mine x2  
  75  6:03  Barracks  
  79  6:05  Barracks  
  79  6:08  Marine, Supply Depot  
  79  6:09  Marine  
  79  6:11  Marauder, Supply Depot  
  81  6:12  Marauder  
  85  6:28  Marine  
  85  6:29  Marine, Medivac x2  
  85  6:31  Widow Mine, Supply Depot  
  93  6:33  Marauder x2, Widow Mine, Supply Depot  
  99  6:47  Command Center  
  99  6:49  Marine  
  99  6:50  Marine  
  99  6:53  Barracks Reactor  
  101  6:54  Barracks Tech Lab  
  101  6:59  Marauder x2  
  101  7:00  Medivac  
  107  7:02  Medivac  
  109  7:09  Marine  
  109  7:10  Marine  
  109  7:11  Concussive Shells  
  109  7:12  Widow Mine x2  
  109  7:14  Marauder  
  117  7:21  Supply Depot  
  117  7:24  Supply Depot  
  117  7:25  Liberator x2  
  117  7:26  Terran Infantry Armor Level 1  
  117  7:29  SCV  
  118  7:35  SCV  
  123  7:48  Marauder x3, Marine  
  123  7:50  Widow Mine  
  132  7:53  Marine  
  132  7:54  Marine  
  133  8:02  Widow Mine  
  108  8:16  Marauder x2, Marine x2  
  108  8:17  Marauder  
  108  8:20  Orbital Command  
  108  8:21  SCV x2  
  108  8:25  Medivac x2  
  114  8:37  Marine  
  114  8:38  Marine x3  
  114  8:39  Marauder x2  
  114  8:40  Liberator x2  
  122  8:43  Widow Mine x2  
  122  8:46  SCV x2  
  128  8:58  SCV, Marine x2  
  128  8:59  Marine  
  138  9:03  Missile Turret  
  138  9:06  Marine x4  
  142  9:12  SCV x2  
  142  9:13  SCV  
  142  9:16  Marine  
  146  9:17  Marine  
  146  9:24  SCV, Marine x2  
  146  9:25  Marine  
  146  9:28  Supply Depot  
  146  9:30  Supply Depot  
  140  9:45  Marine x3  
  123  9:49  Marauder  
  123  9:50  Marauder x2  
  123  9:51  Marine  
  119  9:52  Medivac, Widow Mine  
  119  9:53  Medivac, Widow Mine  
  126  10:02  Marine  
  124  10:09  Marine x2  
  124  10:10  Marine  
  124  10:11  Marauder x3  
  130  10:15  Armory  
  130  10:16  Engineering Bay  
  130  10:20  Marine  
Show
View Real Time Build Order
Export as new Build Order

Classic Protoss 

Build Orders: 1 Gate Expand, Oracle Opening, Phoenix Opening 

Get SALT Encoding   

  12  0:00  Probe (Chrono Boost)  
  13  0:11  Probe (Chrono Boost)  
  14  0:17  Pylon  
  14  0:21  Probe (Chrono Boost)  
  16  0:35  Probe (Chrono Boost)  
  16  0:36  Gateway  
  16  0:42  Assimilator  
  16  0:46  Probe (Chrono Boost)  
  17  0:56  Probe (Chrono Boost)  
  18  1:07  Probe (Chrono Boost)  
  19  1:19  Nexus  
  19  1:29  Cybernetics Core  
  19  1:32  Probe (Chrono Boost)  
  20  1:40  Assimilator  
  20  1:42  Probe (Chrono Boost)  
  21  1:49  Pylon  
  21  1:53  Probe (Chrono Boost)  
  22  2:03  Probe (Chrono Boost)  
  22  2:07  Adept (Chrono Boost)  
  25  2:15  Probe  
  26  2:20  Stargate  
  26  2:27  Probe  
  27  2:30  Probe  
  27  2:31  Adept (Chrono Boost)  
  27  2:35  Warp Gate  
  30  2:39  Probe  
  30  2:40  Probe  
  32  2:51  Probe x2  
  32  2:54  Adept (Chrono Boost)  
  36  3:01  Probe  
  36  3:03  Probe  
  38  3:06  Oracle (Chrono Boost)  
  38  3:09  Pylon  
  38  3:12  Probe  
  41  3:15  Probe  
  43  3:22  Probe  
  44  3:27  Probe  
  44  3:33  Probe  
  45  3:37  Phoenix (Chrono Boost)  
  45  3:39  Probe  
  49  3:43  Pylon  
  49  3:44  Probe  
  50  3:52  Probe  
  50  3:54  Nexus  
  51  3:57  Probe  
  51  4:00  Phoenix (Chrono Boost)  
  54  4:07  Gateway  
  54  4:08  Gateway  
  54  4:10  Mothership Core  
  54  4:15  Probe  
  57  4:20  Assimilator  
  57  4:24  Assimilator  
  57  4:26  Phoenix (Chrono Boost)  
  57  4:27  Pylon  
  57  4:30  Probe  
  59  4:31  Probe  
  61  4:44  Twilight Council  
  61  4:45  Forge, Probe  
  61  4:46  Probe (Chrono Boost)  
  61  4:49  Pylon  
  63  4:57  Probe (Chrono Boost)  
  63  4:58  Probe (Chrono Boost)  
  65  5:02  Gateway  
  65  5:04  Gateway  
  65  5:06  Protoss Ground Weapons Level 1  
  65  5:07  Gateway  
  65  5:09  Probe x2 (Chrono Boost)  
  65  5:10  Probe (Chrono Boost)  
  68  5:19  Probe (Chrono Boost)  
  68  5:20  Probe x2 (Chrono Boost), Resonating Glaives (Chrono Boost)  
  71  5:31  Gateway  
  71  5:32  Gateway  
  71  5:33  Probe x2  
  71  5:35  Probe  
  71  5:43  Phoenix  
  70  5:52  Robotics Facility  
  70  5:56  Probe  
  70  5:58  Probe x2  
  73  6:06  Adept x4  
  73  6:07  Probe  
  73  6:10  Probe x2  
  84  6:12  Phoenix  
  84  6:16  Pylon  
  86  6:20  Probe  
  86  6:22  Probe x2  
  89  6:27  Pylon  
  89  6:29  Pylon  
  89  6:38  Adept x6  
  101  6:44  Observer (Chrono Boost)  
  101  6:45  Adept x2  
  101  6:46  Protoss Ground Armor Level 1  
  106  6:48  Pylon  
  106  6:50  Pylon  
  106  6:51  Phoenix (Chrono Boost)  
  108  7:01  Warp Prism  
  108  7:04  Adept x4  
  108  7:07  Adept  
  120  7:13  Pylon  
  120  7:14  Pylon  
  120  7:17  Adept x2  
  120  7:18  Adept  
  120  7:22  Phoenix (Chrono Boost)  
  128  7:41  Adept x8  
  144  7:50  Phoenix (Chrono Boost)  
  144  7:54  Pylon  
  144  7:56  Pylon  
  100  8:13  Adept x8  
  100  8:14  Immortal  
  100  8:18  Phoenix (Chrono Boost)  
  100  8:39  Adept x8  
  100  8:43  Phoenix (Chrono Boost), Adept x5  
  100  8:44  Adept x3  
  100  8:47  Assimilator  
  100  8:48  Warp Prism  
  118  8:59  Nexus  
  118  9:01  Assimilator  
  118  9:18  Adept x5  
  118  9:22  Adept x3  
  134  9:28  Observer, Pylon  
  125  9:43  Adept x6  
  107  9:48  Phoenix  
  97  9:56  Adept x2  
  92  10:04  Adept x5  
  77  10:10  Adept x6  
Tags
 
Add a new tag
Caveats
  • Supply blocks, unpowered buildings, or Contaminate may cause inaccurate times.
  • Supply counts are checked every 10 seconds.